 Dungeon Crawl Stone Soup version 0.25.0-11-g1f837a76a1 (webtiles) character file.

Game seed: 16361584514898802633

67 Apogee the Poker (level 4, 0/33 HPs)
             Began as a Merfolk Gladiator on June 26, 2020.
             Slain by a worker ant (2 damage)
             ... on level 2 of the Dungeon.
             The game lasted 00:02:48 (1343 turns).

Apogee the Poker (Merfolk Gladiator)                Turns: 1343, Time: 00:02:48

Health: 0/33       AC:  6    Str: 15    XL:     4   Next: 16%
Magic:  4/4        EV: 12    Int:  7    God:
Gold:   75         SH:  0    Dex: 15    Spells: 3/3 levels left

rFire    . . .     SeeInvis .   o - +0 spear
rCold    . . .     Gourm    .   (no shield)
rNeg     . . .     Faith    .   m - +0 ring mail
rPois    .         Spirit   .   p - +1 hat
rElec    .         Reflect  .   (no cloak)
rCorr    .         Harm     .   (no gloves)
MR       .....                  (no boots)
Stlth    +.........             (no amulet)
HPRegen  0.11/turn              (no ring)
MPRegen  0.09/turn              (no ring)

@: lethally poisoned (0 -> -20), stab, very slightly contaminated, hasted,
invisible, very quick
A: change form in water, swift swim, stealthy swim
a: no special abilities


You were on level 2 of the Dungeon.
You were not hungry.

You visited 1 branch of the dungeon, and saw 2 of its levels.

You collected 75 gold pieces.

Inventory:

Hand Weapons
 a - a +0 trident
 o - a +0 spear (weapon)
Missiles
 d - 3 throwing nets (quivered)
 e - 61 stones
 h - 9 poisoned darts
Armour
 b - a +0 leather armour
 c - a +0 helmet
 k - a cursed +0 kite shield
 m - a +0 ring mail (worn)
 p - a +1 hat (worn)
Jewellery
 q - an uncursed ring of fire {unknown}
Scrolls
 g - a scroll of identify {unknown}
 i - a scroll of magic mapping {unknown}
 j - a scroll of random uselessness {unknown}
 n - a scroll of enchant armour {unknown}
 s - 2 scrolls of remove curse {unknown}
 u - a scroll of teleportation {unknown}
 v - a scroll of blinking {unknown}
Potions
 x - a potion of berserk rage {unknown}
Comestibles
 f - 3 rations
 w - 5 chunks of flesh


   Skills:
 - Level 2.1 Fighting
 + Level 7.1 Polearms
 - Level 2.0 Throwing
 - Level 4.0 Dodging


You had 3 spell levels left.
You didn't know any spells.
Your spell library was empty.

Dungeon Overview and Level Annotations

Branches:
Dungeon (2/15)

Altars:


Message History

The adder bites you.
You are more poisoned.
The adder poisons you!
It was a potion of stabbing.
You feel ready to backstab.
You feel sick. The worker ant bites you.
You are lethally poisoned!
The worker ant poisons you! The adder bites you.
You are more poisoned.
The adder poisons you!
It was a potion of invisibility.
You fade into invisibility!
You feel sick. The worker ant bites you!
* * * LOW HITPOINT WARNING * * *
The adder bites you but does no damage.
You are very lightly contaminated with residual magic.
It was a potion of haste.
You feel yourself speed up.
* * * LOW HITPOINT WARNING * * *
You feel sick. The adder closely misses you. The worker ant bites you.
You die...

#.............#.#....#
#.##...########.####.#####
#.........................
#.#####.############.#####
#.....#.# ...# #..รท...
#.##.##.# ...# #####..
#....##.# ...# #....
#.....#.##a..# #.#.#
#.......S@...+ #.#..
#.###.#.##...# #.### #.#
#.#.# #### #. #.# #.#.# ##
#.# ..#.. #. #####


You could see a worker ant and an adder.

Vanquished Creatures
  An iguana (D:2)
  An adder (D:2)
  2 dart slugs (D:1)
  A leopard gecko (D:2)
  2 giant cockroaches (D:1)
  2 goblins
  4 hobgoblins
  3 jackals (D:1)
  2 ball pythons
  3 bats (D:1)
  2 frilled lizards
  2 kobolds
  2 rats
27 creatures vanquished.

Notes
Turn   | Place    | Note
-------+----------+-------------------------------------------
     0 | D:1      | Apogee the Merfolk Gladiator began the quest for the Orb.
     0 | D:1      | Reached XP level 1. HP: 16/16 MP: 1/1
   268 | D:1      | Reached skill level 5 in Polearms
   280 | D:1      | Reached XP level 2. HP: 22/22 MP: 2/2
   882 | D:2      | Reached skill level 6 in Polearms
   882 | D:2      | Reached XP level 3. HP: 14/27 MP: 3/3
  1252 | D:2      | Reached skill level 7 in Polearms
  1252 | D:2      | Reached XP level 4. HP: 31/33 MP: 4/4
  1343 | D:2      | Slain by a worker ant

Illustrated notes

Levels and vault maps discovered:
D:1:      evilmike_arrival_crescent, layout_basic
D:2:      minmay_recursive_quarters, layout_basic,
          gammafunk_temple_overflow_pools, uniq_robin

Skill      XL: |  1  2  3 |
---------------+----------+-----
Polearms       | 5 6 7 |  7.1
Fighting       | |  2.1
Throwing       | |  2.0
Dodging        | |  4.0

Action                   |  1- 3 |  4- 6 || total
-------------------------+-------+-------++-------
Melee: Trident           |    13 |       ||    13
       Spear             |    98 |    21 ||   119
  Use: Potion            |       |     3 ||     3
 Stab: Sleeping          |     1 |       ||     1
  Eat: Chunk             |     1 |       ||     1
Armor: Ring mail         |    25 |     6 ||    31
       Leather armour    |     1 |       ||     1
Dodge: Dodged            |    51 |     6 ||    57
